 Dungeon Crawl Stone Soup version 0.22-a0-533-g4d20840 (webtiles) character file.

368 iamserjio the Covert (level 6, -6/76 HPs)
             Began as a Gnoll Assassin on June 22, 2018.
             Killed by divine providence
             ... invoked by an orc priest
              (15 damage)
             ... on level 5 of the Dungeon.
             The game lasted 00:08:37 (722 turns).

iamserjio the Covert (Gnoll Assassin)                Turns: 722, Time: 00:08:38

Health: -6/76      AC: 23    Str: 13    XL:     6   Next: 69%
Magic:  9/9        EV:  2    Int: 16    God:
Gold:   138        SH:  0    Dex: 16    Spells: 9/9 levels left

rFire    . . .     SeeInvis .     - Unarmed
rCold    . . .     Gourm    .   (no shield)
rNeg     + + +     Faith    .   (armour currently unavailable)
rPois    +         Spirit   .   (helmet currently unavailable)
rElec    .         Reflect  .   (cloak currently unavailable)
rCorr    .         Harm     .   (gloves currently unavailable)
MR       .....     NoTele   +   (boots currently unavailable)
Stlth    ++++......             (no amulet)
HPRegen  0.22/turn              (no ring)
MPRegen  0.11/turn              (no ring)

@: tree-form
A: distributed training, strong nose
a: no special abilities


You were on level 5 of the Dungeon.
You were not hungry.
You were a tree.
You visited 1 branch of the dungeon, and saw 5 of its levels.

You collected 138 gold pieces.

Inventory:

Hand Weapons
 a - a +2 dagger
 b - a +0 blowgun
 k - a +0 short sword
 q - a +0 hunting sling
Missiles
 e - 6 poisoned needles
 f - 2 curare-tipped needles {!f}
 r - 30 stones (quivered)
Armour
 c - a +0 robe (melded)
 d - a +0 cloak (melded)
 o - a +0 helmet (melded)
Scrolls
 i - a scroll of enchant weapon {unknown}
 j - a scroll of enchant armour {unknown}
 m - a scroll of teleportation {unknown}
 s - 2 scrolls of remove curse {@r2}
 t - 2 scrolls of identify {unknown}
 v - a scroll of immolation {unknown}
 w - a scroll of amnesia {unknown}
Potions
 h - 2 potions of brilliance {unknown}
 l - a potion of lignification
 n - a potion of curing {unknown}
 p - a potion of heal wounds
 u - a potion of berserk rage {unknown}
Comestibles
 g - 5 rations


   Skills:
 + Level 5.0 Fighting
 + Level 5.0 Short Blades
 + Level 2.0 Long Blades
 + Level 2.0 Axes
 + Level 2.0 Maces & Flails
 + Level 2.0 Polearms
 + Level 2.0 Staves
 + Level 2.0 Slings
 + Level 2.0 Bows
 + Level 2.0 Crossbows
 + Level 5.0 Throwing
 + Level 2.0 Armour
 + Level 3.3 Dodging
 + Level 8.0 Stealth
 + Level 2.0 Shields
 + Level 2.0 Unarmed Combat
 + Level 2.0 Spellcasting
 + Level 1.6 Conjurations
 + Level 1.6 Hexes
 + Level 1.6 Charms
 + Level 1.6 Summonings
 + Level 1.6 Necromancy
 + Level 1.6 Translocations
 + Level 1.6 Transmutations
 + Level 1.6 Fire Magic
 + Level 1.6 Ice Magic
 + Level 1.6 Air Magic
 + Level 1.6 Earth Magic
 + Level 1.6 Poison Magic
 + Level 2.2 Invocations
 + Level 2.0 Evocations


You had 9 spell levels left.
You didn't know any spells.
Your spell library was empty.

Dungeon Overview and Level Annotations

Branches:
Dungeon (5/15)
 Temple: D:4-7

Altars:


Innate Abilities, Weirdness & Mutations

Your experience applies equally to all skills.
((You have very sharp teeth.))
Your uncanny sense of smell can sniff out nearby items.


Message History

Your roots penetrate the ground.
The adder bites you but does no damage.
You are now empty-handed.
You smack the adder!
You kill the adder!
You hit the orc.
The orc is lightly wounded.
The orc hits you but does no damage.
You closely miss the orc.
The orc is lightly wounded.
The orc hits you but does no damage.
The orc priest shouts!
You hit the orc.
The orc is moderately wounded.
The orc hits you but does no damage.
You barely miss the orc.
The orc is moderately wounded.
The orc hits you but does no damage.
The orc priest invokes the aid of Beogh against you.
Beogh smites you!
You die...

....#........#.##.(....$.#
............##.##.....(..#
............##.##.....(..#
............##.##...oo...#
...............##...(....#
.............##)....(....#
................#..o.....#
..............####.######
...........##...♣oo###
..........########†..#
....##...## #.#........
#.......## #..###......
.......## #..## #.....
...# ..... .### .... # ...
...


You could see an orc priest and 2 orcs.

Vanquished Creatures
  Grinder (D:3)
  A howler monkey (D:4)
  A worker ant (D:5)
  4 adders
  3 gnolls (D:3)
  A leopard gecko (D:3)
  2 orcs
  A giant cockroach (D:5)
  3 goblins
  2 hobgoblins
  7 jackals
  A quokka (D:3)
  2 bats (D:1)
  A frilled lizard (D:1)
  8 kobolds
  A leopard gecko skeleton (D:4)
  4 rats
43 creatures vanquished.

Notes
Turn   | Place    | Note
-------+----------+-------------------------------------------
     0 | D:1      | iamserjio the Gnoll Assassin began the quest for the Orb.
     0 | D:1      | Reached XP level 1. HP: 20/20 MP: 1/1
   125 | D:1      | Reached XP level 2. HP: 17/26 MP: 2/2
   249 | D:2      | Found a faded altar of an unknown god.
   317 | D:2      | Reached XP level 3. HP: 8/31 MP: 3/3
   399 | D:3      | Reached skill level 1 in Invocations
   405 | D:3      | Noticed Grinder
   414 | D:3      | Paralysed by Grinder for 6 turns
   450 | D:3      | Killed Grinder
   450 | D:3      | Reached skill level 1 in Long Blades
   450 | D:3      | Reached skill level 1 in Axes
   450 | D:3      | Reached skill level 1 in Maces & Flails
   450 | D:3      | Reached skill level 1 in Polearms
   450 | D:3      | Reached skill level 1 in Staves
   450 | D:3      | Reached skill level 1 in Slings
   450 | D:3      | Reached skill level 1 in Bows
   450 | D:3      | Reached skill level 1 in Crossbows
   450 | D:3      | Reached skill level 1 in Armour
   450 | D:3      | Reached skill level 8 in Stealth
   450 | D:3      | Reached skill level 1 in Shields
   450 | D:3      | Reached skill level 1 in Unarmed Combat
   450 | D:3      | Reached skill level 1 in Spellcasting
   450 | D:3      | Reached skill level 1 in Conjurations
   450 | D:3      | Reached skill level 1 in Hexes
   450 | D:3      | Reached skill level 1 in Charms
   450 | D:3      | Reached skill level 1 in Summonings
   450 | D:3      | Reached skill level 1 in Necromancy
   450 | D:3      | Reached skill level 1 in Translocations
   450 | D:3      | Reached skill level 1 in Transmutations
   450 | D:3      | Reached skill level 1 in Fire Magic
   450 | D:3      | Reached skill level 1 in Ice Magic
   450 | D:3      | Reached skill level 1 in Air Magic
   450 | D:3      | Reached skill level 1 in Earth Magic
   450 | D:3      | Reached skill level 1 in Poison Magic
   450 | D:3      | Reached skill level 1 in Evocations
   450 | D:3      | Reached XP level 4. HP: 26/38 MP: 4/6
   450 | D:3      | Reached XP level 5. HP: 29/43 MP: 4/7
   450 | D:3      | Reached XP level 6. HP: 34/50 MP: 4/8
   607 | D:4      | Reached skill level 5 in Fighting
   607 | D:4      | Reached skill level 5 in Short Blades
   607 | D:4      | Reached skill level 5 in Throwing
   630 | D:5      | Entered Level 5 of the Dungeon
   722 | D:5      | Killed from afar by an orc priest

Vault maps used:
D:1:      saegor_arrival_fortress
D:2:      nicolae_overflow_hidden_temple, chequers_ecumenical_altar_simple
D:3:      nicolae_ru_great_annihilating_truth, uniq_grinder
D:5:      first_ration

Skill      XL: |  1  2  3  4  5  6 |
---------------+-------------------+-----
Invocations    | 1 2 |  2.2
Long Blades    | 1 2 |  2.0
Axes           | 1 2 |  2.0
Maces & Flails | 1 2 |  2.0
Polearms       | 1 2 |  2.0
Staves         | 1 2 |  2.0
Slings         | 1 2 |  2.0
Bows           | 1 2 |  2.0
Crossbows      | 1 2 |  2.0
Armour         | 1 2 |  2.0
Dodging        | 3 |  3.3
Stealth        | 8 |  8.0
Shields        | 1 2 |  2.0
Unarmed Combat | 1 2 |  2.0
Spellcasting   | 1 2 |  2.0
Conjurations   | 1 |  1.6
Hexes          | 1 |  1.6
Charms         | 1 |  1.6
Summonings     | 1 |  1.6
Necromancy     | 1 |  1.6
Translocations | 1 |  1.6
Transmutations | 1 |  1.6
Fire Magic     | 1 |  1.6
Ice Magic      | 1 |  1.6
Air Magic      | 1 |  1.6
Earth Magic    | 1 |  1.6
Poison Magic   | 1 |  1.6
Evocations     | 1 2 |  2.0
Fighting       | 5 |  5.0
Short Blades   | 5 |  5.0
Throwing       | 5 |  5.0

Action                   |  1- 3 |  4- 6 || total
-------------------------+-------+-------++-------
Melee: Dagger            |    71 |    89 ||   160
       Bite              |     5 |    15 ||    20
       Unarmed           |     8 |    19 ||    27
       Punch             |     1 |     1 ||     2
 Fire: Blowgun           |    10 |       ||    10
       Hunting sling     |     8 |    12 ||    20
Throw: Stone             |     3 |     2 ||     5
  Use: Potion            |     3 |     1 ||     4
       Scroll            |     1 |     2 ||     3
 Stab: Sleeping          |     2 |       ||     2
Armor: Robe              |    10 |    10 ||    20
       Skin              |    34 |    19 ||    53
Dodge: Dodged            |    36 |    47 ||    83

Table legend:
 A = Spawn XP
 B = Non-spawn XP
 C = Spawn XP percentage of total XP
 D = Spawn monster count
 E = Non-spawn monster count
 F = Spawn count percentage of total count
 G = Total turns spent on level
                    A         B        C        D         E        F      G
               +---------+---------+-------+---------+---------+-------+---------
         Total |       0 |     526 |   0.0 |       0 |      43 |   0.0 |   722
               +---------+---------+-------+---------+---------+-------+---------
           D:1 |       0 |      14 |   0.0 |       0 |      12 |   0.0 |   195
           D:2 |       0 |      24 |   0.0 |       0 |       6 |   0.0 |   153
           D:3 |       0 |     362 |   0.0 |       0 |      13 |   0.0 |   172
           D:4 |       0 |      73 |   0.0 |       0 |       8 |   0.0 |   110
           D:5 |       0 |      53 |   0.0 |       0 |       4 |   0.0 |    92
               +---------+---------+-------+---------+---------+-------+---------
